 Dungeon Crawl Stone Soup version 0.31-a0-803-g95b03c3367 (webtiles) character file.

Game seed: 8218877949820840264

634 gruber the Chiller (level 7, -6/51 HPs)
             Began as a Gnoll Ice Elementalist on Sept 20, 2023.
             Mangled by a phantom (7 damage)
             ... on level 5 of the Dungeon.
             The game lasted 00:05:45 (4803 turns).

gruber the Chiller (Gnoll Ice Elementalist)         Turns: 4803, Time: 00:05:45

Health: -6/51      AC:  2    Str:  7    XL:     7   Next: 49%
Magic:  10/15      EV: 13    Int: 17    God:
Gold:   241        SH:  0    Dex: 12    Spells: 10/17 levels left

rFire   + . .        s - +6 hand axe "Boesemink" {freeze, rF+ rC- Stlth+}
rCold   x . .        (no shield)
rNeg    . . .        a - +0 robe
rPois   +            (no helmet)
rElec   .            (no cloak)
rCorr   +            (no gloves)
SInv    .            (no boots)
Will    +....        (no amulet)
Stlth   ++++         q - ring of poison resistance
HPRegen 0.28/turn    u - ring of resist corrosion
MPRegen 0.14/turn

%: no passive effects
@: enlightened, flying
A: fangs 1, strong nose, distributed training
a: no special abilities


You were on level 5 of the Dungeon.
You visited 1 branch of the dungeon, and saw 5 of its levels.
You also visited: Sewer.

You collected 241 gold pieces.

Inventory:

Hand Weapons
 e - a +0 short sword
 s - the +6 hand axe "Boesemink" (weapon) {freeze, rF+ rC- Stlth+}
   (You found it on level 3 of the Dungeon)

   rF+:       It protects you from fire.
   rC-:       It makes you vulnerable to cold.
   Stlth+:    It makes you more stealthy.
Missiles
 j - a throwing net
Armour
 a - a +0 robe (worn)
 f - +0 pearl dragon scales
Magical Staves
 g - a staff of conjuration
Jewellery
 q - a ring of poison resistance (left hand)
 u - a ring of resist corrosion (right hand)
 w - a ring of flight
Talismans
 G - a blade talisman
Scrolls
 c - 2 scrolls of vulnerability {unknown}
 h - 5 scrolls of enchant weapon {unknown}
 i - 2 scrolls of amnesia {unknown}
 n - a scroll of immolation {unknown}
 p - 2 scrolls of noise {unknown}
 v - 2 scrolls of identify {unknown}
 y - a scroll of torment {unknown}
 B - a scroll of fog {unknown}
 C - a scroll of poison {unknown}
 D - a scroll of teleportation {unknown}
 E - a scroll of silence {unknown}
Potions
 b - a potion of magic
 d - a potion of might {unknown}
 k - a potion of degeneration {unknown}
 l - a potion of enlightenment
 m - a potion of berserk rage {unknown}
 o - a potion of resistance {unknown}
 r - a potion of ambrosia {unknown}
 t - a potion of haste {unknown}
 x - a potion of heal wounds {unknown}
 z - 2 potions of attraction {unknown}
 A - a potion of invisibility {unknown}
 F - a potion of curing {unknown}


   Skills:
 + Level 2.6 Fighting
 + Level 2.6 Short Blades
 + Level 2.6 Long Blades
 + Level 2.6 Axes
 + Level 2.6 Maces & Flails
 + Level 2.6 Polearms
 + Level 2.6 Staves
 + Level 2.6 Ranged Weapons
 + Level 2.6 Throwing
 + Level 2.6 Armour
 + Level 5.3 Dodging
 + Level 5.0 Stealth
 + Level 2.6 Shields
 + Level 2.6 Unarmed Combat
 + Level 5.6 Spellcasting
 + Level 2.1 Conjurations
 + Level 2.1 Hexes
 + Level 2.1 Summonings
 + Level 2.1 Necromancy
 + Level 2.1 Translocations
 + Level 2.1 Transmutations
 + Level 2.1 Fire Magic
 + Level 7.4 Ice Magic
 + Level 2.1 Air Magic
 + Level 2.1 Earth Magic
 + Level 2.1 Poison Magic
 + Level 2.9 Invocations
 + Level 2.6 Evocations
 + Level 2.3 Shapeshifting


You had 10 spell levels left.
You knew the following spells:

 Your Spells              Type           Power      Damage    Failure   Level
a - Freeze                Ice            100%       1d10      1%          1
b - Frozen Ramparts       Ice            60%        1d10      1%          3
c - Ozocubu's Armour      Ice            30%        N/A       1%          3

Your spell library contained the following spells:

 Spells                   Type           Power      Damage    Failure   Level
 Sublimation of Blood     Necr           12%        N/A       9%          2
 Wereblood                Tmut           12%        N/A       9%          2
 Mephitic Cloud           Conj/Pois/Air  12%        N/A       17%         3
 Summon Ice Beast         Ice/Summ       21%        N/A       19%         4
 Airstrike                Air            6%         2d(1-17)  50%         4
 Conjure Ball Lightning   Conj/Air       6%         3x3d6     100%        6
 Summon Hydra             Summ           6%         N/A       100%        7


Dungeon Overview and Level Annotations

Branches:
Dungeon (5/15)             Temple (0/1) D:5           Sewer (visited)

Altars:
Ashenzari
Okawaru
Zin

Shops:
D:2 [[


Innate Abilities, Weirdness & Mutations

You have very sharp teeth.
Your uncanny sense of smell can sniff out nearby items.
Your experience applies equally to all skills.


Message History

The phantom is heavily damaged.
The phantom misses you. The phantom hits you.
The phantom blinks!
You blink.
You closely miss the phantom.
The phantom is heavily damaged.
The phantom barely misses you.
You hit the phantom.
The phantom is severely damaged.
The phantom hits you but does no damage.
You closely miss the phantom.
The phantom is severely damaged.
The phantom hits you.
You barely miss the phantom.
The phantom is severely damaged.
The phantom hits you.
You hit the phantom.
The phantom is severely damaged.
The phantom hits you.
* * * LOW HITPOINT WARNING * * *
The phantom blinks!
You blink.
You closely miss the phantom.
The phantom is severely damaged.
The phantom completely misses you.
Okay, then.
You hit the phantom but do no damage.
The phantom is severely damaged.
The phantom barely misses you. The phantom hits you.
* * * LOW HITPOINT WARNING * * *
You hit the phantom. Your bite misses the phantom.
The phantom is almost destroyed.
The phantom hits you.
* * * LOW HITPOINT WARNING * * *
You hit the phantom.
The phantom is almost destroyed.
The phantom hits you.
* * * LOW HITPOINT WARNING * * *
The phantom blinks!
You blink.
It was a potion of enlightenment.
You feel very buoyant.
You fly up into the air.
The phantom hits you!
You die...

....#.......'......#
########
########....#......#
.......#....#..(...#
.......#....#......#
.......#....#......#
.......#....#......#
.......#....#......#
.......#....#......#
.......#........@..#
.......#...8.8.8W..#
.......###..⌠.⌠....#
...........8.>.8...#
............⌠.⌠....######
...........8.8.8.##.....#
............§.....#.....#
.............§....#.....#
.............#....+..|..#


You could see a phantom.

Vanquished Creatures
  An ogre (D:4)
  2 scorpions (D:5)
  An orc priest (D:4)
  A jelly (D:5)
  Jessica (D:3)
  2 iguanas (D:5)
  An orc wizard (D:4)
  11 adders
  3 gnolls (D:4)
  4 worms
  2 dart slugs
  17 orcs
  2 bats
  4 endoplasms
  2 giant cockroaches (D:1)
  17 goblins
  8 hobgoblins
  6 jackals
  3 quokkas
  15 ball pythons
  10 frilled lizards
  5 kobolds
  5 rats
123 creatures vanquished.

Notes
Turn   | Place    | Note
-------+----------+-------------------------------------------
     0 | D:1      | gruber the Gnoll Ice Elementalist began the quest for the
                  | Orb.
     0 | D:1      | Reached XP level 1. HP: 13/13 MP: 6/6
   248 | D:1      | Reached XP level 2. HP: 19/19 MP: 5/7
   993 | D:2      | Found Oriawaw's Armour Shop.
   998 | D:2      | Reached skill level 5 in Spellcasting
   998 | D:2      | Reached XP level 3. HP: 25/25 MP: 3/9
  1104 | D:2      | Learned a level 3 spell: Frozen Ramparts
  1108 | D:2      | Learned a level 3 spell: Ozocubu's Armour
  1144 | D:2      | Found an iron altar of Okawaru.
  1152 | D:2      | Reached skill level 1 in Invocations
  1157 | D:2      | Reached skill level 1 in Fighting
  1157 | D:2      | Reached skill level 1 in Short Blades
  1157 | D:2      | Reached skill level 1 in Long Blades
  1157 | D:2      | Reached skill level 1 in Axes
  1157 | D:2      | Reached skill level 1 in Maces & Flails
  1157 | D:2      | Reached skill level 1 in Polearms
  1157 | D:2      | Reached skill level 1 in Staves
  1157 | D:2      | Reached skill level 1 in Ranged Weapons
  1157 | D:2      | Reached skill level 1 in Throwing
  1157 | D:2      | Reached skill level 1 in Armour
  1157 | D:2      | Reached skill level 1 in Shields
  1157 | D:2      | Reached skill level 1 in Unarmed Combat
  1157 | D:2      | Reached skill level 1 in Evocations
  1354 | D:2      | Reached skill level 1 in Shapeshifting
  1354 | D:2      | Reached XP level 4. HP: 29/32 MP: 8/11
  1648 | D:2      | Found Ariatt's Armour Shoppe.
  1899 | D:3      | Reached skill level 1 in Conjurations
  1899 | D:3      | Reached skill level 1 in Hexes
  1899 | D:3      | Reached skill level 1 in Summonings
  1899 | D:3      | Reached skill level 1 in Necromancy
  1899 | D:3      | Reached skill level 1 in Translocations
  1899 | D:3      | Reached skill level 1 in Transmutations
  1899 | D:3      | Reached skill level 1 in Fire Magic
  1899 | D:3      | Reached skill level 1 in Air Magic
  1899 | D:3      | Reached skill level 1 in Earth Magic
  1899 | D:3      | Reached skill level 1 in Poison Magic
  2083 | D:3      | Found a glowing silver altar of Zin.
  2122 | D:3      | Identified the +6 hand axe "Boesemink" {freeze, rF+ rC-
                  | Stlth+}
  2209 | D:3      | Noticed Jessica
  2210 | D:3      | Got a resplendent book
  2217 | D:3      | Killed Jessica
  2218 | D:3      | Reached XP level 5. HP: 35/37 MP: 9/12
  2721 | D:4      | Reached XP level 6. HP: 44/44 MP: 8/13
  3296 | D:4      | Reached skill level 5 in Dodging
  3487 | D:5      | Entered Level 5 of the Dungeon
  3487 | D:5      | Found a glowing drain.
  3510 | Sewer    | Entered a sewer
  4152 | D:5      | Reached XP level 7. HP: 50/50 MP: 6/15
  4281 | D:5      | Found an iron altar of Okawaru.
  4341 | D:5      | Found a staircase to the Ecumenical Temple.
  4433 | D:5      | Found a broken altar of Ashenzari.
  4786 | D:5      | Reached skill level 5 in Stealth
  4802 | D:5      | HP: 1/51 [phantom (6)]
  4803 | D:5      | Mangled by a phantom

Illustrated notes

Levels and vault maps discovered:
D:1:      minmay_arrival_plants_in_alcoves, layout_basic
D:2:      layout_rooms, serial_curves, eino_curves_02, eino_curves_02,
          basic_altar, serial_shops, shop, nicolae_lakefront_shop
D:3:      layout_basic, overflow_temple_1_default, uniq_jessica
D:4:      layout_basic, minmay_ogre_servants
D:5:      layout_gridville, mainiacjoe_overflow_alcove_2,
          kennysheep_okawaru_gauntlet, minmay_temple_entry_statues_fountains,
          cheibrodos_sewer_entry_drain

Skill      XL: |  1  2  3  4  5  6  7 |
---------------+----------------------+-----
Spellcasting   | 5 |  5.6
Invocations    | 1 2 |  2.9
Fighting       | 1 2 |  2.6
Short Blades   | 1 2 |  2.6
Long Blades    | 1 2 |  2.6
Axes           | 1 2 |  2.6
Maces & Flails | 1 2 |  2.6
Polearms       | 1 2 |  2.6
Staves         | 1 2 |  2.6
Ranged Weapons | 1 2 |  2.6
Throwing       | 1 2 |  2.6
Armour         | 1 2 |  2.6
Shields        | 1 2 |  2.6
Unarmed Combat | 1 2 |  2.6
Evocations     | 1 2 |  2.6
Shapeshifting  | 1 2 |  2.3
Conjurations   | 1 2 |  2.1
Hexes          | 1 2 |  2.1
Summonings     | 1 2 |  2.1
Necromancy     | 1 2 |  2.1
Translocations | 1 2 |  2.1
Transmutations | 1 2 |  2.1
Fire Magic     | 1 2 |  2.1
Air Magic      | 1 2 |  2.1
Earth Magic    | 1 2 |  2.1
Poison Magic   | 1 2 |  2.1
Dodging        | 5 |  5.3
Stealth        | 5 |  5.0
Ice Magic      | |  7.4

Action                     |  1- 3 |  4- 6 |  7- 9 || total
---------------------------+-------+-------+-------++-------
  Melee: Unarmed           |     6 |       |       ||     6
         Bite              |     2 |     2 |       ||     4
         Short sword       |     2 |    23 |       ||    25
         Punch             |       |     1 |     1 ||     2
         Hand axe          |       |       |    16 ||    16
   Cast: Freeze            |    49 |   101 |    13 ||   163
         Frozen Ramparts   |       |    10 |     6 ||    16
         Ozocubu's Armour  |       |     2 |       ||     2
    Use: Potion            |       |       |     1 ||     1
   Stab: Sleeping          |       |     1 |       ||     1
 Armour: Robe              |    17 |    32 |    21 ||    70
  Dodge: Dodged            |    32 |    57 |    20 ||   109

Table legend: (Time is in decaauts)
 A = Elapsed time spent in this place.
 B = Non-inter-level travel time spent in this place.
 C = Inter-level travel time spent in this place.
 D = Time resting spent in this place.
 E = Time spent auto-exploring this place.
 F = Levels seen in this place.
 G = Mean time per level.
                   A        B        C        D        E       F      G
               +--------+--------+--------+--------+--------+-----+--------+
         Total |   4865 |   4762 |    103 |     17 |   3941 |   6 |  810.8 |
       Dungeon |   4351 |   4248 |    103 |     17 |   3582 |   5 |  870.2 |
         Sewer |    513 |    513 |      0 |      0 |    359 |   1 |  513.0 |
               +--------+--------+--------+--------+--------+-----+--------+

Top non-repeatable levels by time:
     D:4: 1165 daAuts
     D:1: 992 daAuts
     D:2: 893 daAuts
     D:5: 868 daAuts
   Sewer: 513 daAuts
     D:3: 432 daAuts
